Texas Stars vs Manitoba Moose

Created - 13 février 2020 at 20:35

Goals
1 2 3 T
Texas Stars 2 0 2 4
Manitoba Moose 3 1 1 5
Shots
1 2 3 T
Texas Stars 12 18 11 41
Manitoba Moose 13 13 16 42

1st period

1. Manitoba Moose , Matt Hendricks 26 (Denis Gurianov 51, Gerald Mayhew 49) at 1:59
2. Texas Stars , Alan Quine 31 (Connor Brickley 31) at 2:15
3. Manitoba Moose , Denis Gurianov 51 (Gerald Mayhew 50, Matt Hendricks 38) at 7:22
4. Texas Stars , Phil Varone 21 (Laurent Dauphin 22, Glenn Gawdin 31) at 16:40
5. Manitoba Moose , Matt Hendricks 27 (Denis Gurianov 52, Gerald Mayhew 51) at 17:54

Penalties :
No Penalty

2nd period

6. Manitoba Moose , Matt Lorito 16 (Tom Pyatt 19) at 4:35

Penalties :
Matt Grzelcyk (MOO) for Fighting (Major) at 5:54, Cal Foote (STA) for Fighting (Major) at 5:54, Gerald Mayhew (MOO) for Interference (Minor) at 8:25

3rd period

7. Texas Stars , Phil Varone 22 (Laurent Dauphin 23, Glenn Gawdin 32) at 4:58
8. Texas Stars , Alan Quine 32 (Connor Brickley 32, Brad Hunt 20) at 11:57
9. Manitoba Moose , David Warsofsky 2 (Chris Thorburn 18, Sean Malone 24) at 15:33

Penalties :
Matt Hendricks (MOO) for Fighting (Major) at 0:12, Dion Phaneuf (STA) for Fighting (Major) at 0:12, Matt Hendricks (MOO) for Hooking (Minor) at 12:20

Goalie Stats

Malcolm Subban (STA), 14 saves from 18 shots - (0,778), 24:35 minutes
Nick Schneider (STA), 23 saves from 24 shots - (0,958), L, 4-8-3, 34:28 minutes
Atte Tolvanen (MOO), 37 saves from 41 shots - (0,902), W, 20-12-3, 60:00 minutes

Players Stats for Texas Stars

Player Name              G  A  P  +/- PIM S  H  SB GA TA FO     MP     PP MP  PK MP  
------------------------------------------------------------------------------------
Alan Quine               2  0  2   2  0   9  2  0  3  0  8/29   22:09   2:06   0:00 
Brad Hunt                0  1  1   0  0   1  1  2  1  2  0/0    18:47   0:51   0:00 
Cal Foote                0  0  0   1  5   0  0  2  0  1  0/0    22:23   1:06   0:00 
Cale Fleury              0  0  0  -2  0   2  1  1  0  1  0/0    22:00   2:01   0:00 
Colin Blackwell          0  0  0  -1  0   6  1  0  2  0  1/1    17:45   1:52   0:00 
Connor Brickley          0  2  2   2  0   1  5  0  1  1  0/1    22:09   2:06   0:00 
Dion Phaneuf             0  0  0   1  5   2  1  1  1  0  0/0    20:55   2:26   0:00 
Francois Beauchemin      0  0  0  -2  0   0  4  1  0  1  0/0    21:48   1:18   0:00 
Glenn Gawdin             0  2  2  -1  0   4  0  0  0  0  5/8    13:25   0:00   0:00 
Josh Currie              0  0  0  -1  0   2  3  2  1  0  0/0    17:29   1:52   0:00 
Laurent Dauphin          0  2  2  -1  0   4  2  0  2  0  0/0    13:25   0:00   0:00 
Luke Johnson             0  0  0  -1  0   3  2  0  0  0  4/12   17:45   1:52   0:00 
Luke Witkowski           0  0  0   0  0   0  2  0  0  1  0/0    13:49   0:13   0:00 
Michael Dal Colle        0  0  0  -1  0   0  0  0  0  0  0/0     6:41   0:00   0:00 
Phil Varone              2  0  2  -1  0   3  4  1  1  0  0/0    13:25   0:00   0:00 
Ryan Murphy              0  0  0   1  0   3  3  1  1  0  3/8    26:29   1:53   0:00 
Spencer Smallman         0  0  0   0  0   0  0  0  0  0  0/0     2:53   0:14   0:00 
Tobias Lindberg          0  0  0  -1  0   1  0  0  0  0  0/0     6:41   0:00   0:00 

Players Stats for Manitoba Moose

Player Name              G  A  P  +/- PIM S  H  SB GA TA FO     MP     PP MP  PK MP  
------------------------------------------------------------------------------------
Andreas Borgman          0  0  0   2  0   0  2  1  0  1  0/0    11:35   0:00   0:27 
Brian Lashoff            0  0  0   1  0   0  1  0  0  0  0/0    13:56   0:00   1:04 
Chris Thorburn           0  1  1   1  0   3  1  0  1  1  1/3    14:21   0:00   1:55 
David Warsofsky          1  0  1  -2  0   1  0  1  0  0  0/0    11:37   0:00   0:52 
Denis Gurianov           1  2  3   1  0   8  0  1  1  2  1/1    18:08   0:00   0:24 
Gerald Mayhew            0  3  3   1  2   1  1  0  0  0  21/27  17:35   0:00   0:00 
Guillaume Brisebois      0  0  0   2  0   0  0  0  0  0  0/0     9:59   0:00   0:00 
Jan Kovar                0  0  0  -2  0   3  3  0  1  0  0/4    11:49   0:00   0:00 
Luke Gazdic              0  0  0   1  0   1  1  0  0  2  0/1    14:03   0:00   1:55 
Matt Bartkowski          0  0  0   1  0   1  2  0  0  2  0/0    13:56   0:00   1:04 
Matt Beleskey            0  0  0  -2  0   2  0  0  0  1  2/2    11:49   0:00   0:00 
Matt Grzelcyk            0  0  0   0  5   1  3  1  0  0  0/0    22:34   0:00   1:15 
Matt Hendricks           2  1  3   1  7   7  1  0  0  0  2/2    16:03   0:00   0:00 
Matt Lorito              1  0  1   1  0   4  1  0  1  0  0/1    16:00   0:00   1:39 
Pierre Engvall           0  0  0  -2  0   1  0  1  1  2  0/0    11:49   0:00   0:00 
Sean Malone              0  1  1   1  0   3  1  0  0  0  5/9    12:08   0:00   0:00 
Shane Gersich            0  0  0   1  0   4  2  1  0  1  5/8    16:14   0:00   0:24 
Tom Pyatt                0  1  1   1  0   1  0  0  1  1  1/1    16:00   0:00   1:39 
Urho Vaakanainen         0  0  0  -2  0   0  1  0  0  0  0/0    11:29   0:00   0:47 
Victor Mete              0  0  0   0  0   1  0  4  1  0  0/0    24:53   0:00   2:27 

3 Stars

1 - Alan Quine (STA)
2 - Denis Gurianov (MOO)
3 - Phil Varone (STA)

Power Play

Texas Stars - 0 on 2 Attempt(s) - 0,00%
Manitoba Moose - 0 on 0 Attempt(s) - 0,00%

Penalty Kill

Texas Stars - 0 on 0 Attempt(s) - 0,00% - Score 0 goal in Penalty Kill
Manitoba Moose - 2 on 2 Attempt(s) - 100,00% - Score 0 goal in Penalty Kill

Team Stat

Texas Stars - Hits : 31 - Faceoff Wins : 21 - Blocked Shots : 11 - Penalty Minutes : 10
Manitoba Moose - Hits : 20 - Faceoff Wins : 38 - Blocked Shots : 10 - Penalty Minutes : 14

Official

Referees : Evgeny Romasko and Ian Walsh
Linesman : Tony Sericolo and Darren Gibbs

Game Notes

Nick Schneider enters game at 4:35 of 2nd period
Matt Grzelcyk beats up Cal Foote at 5:54 of 2nd period
12:31 of 2nd period - Texas Stars goal is going for a video replay. After video review, No Goal. The referee deems the play has been stopped, even if he had not physically had the opportunity to stop play by blowing his whistle.
Dion Phaneuf beats up Matt Hendricks at 0:12 of 3rd period

Finance

Level 1 -- Attendance: 1532 (76,60%) -- Ticket Income 53 620 $
Level 2 -- Attendance: 757 (75,70%) -- Ticket Income 11 355 $
Total Attendance: 2289 (76,30%)
Total Ticket Income: 64 975 $
Other Income: 31 838 $
Total Income: 96 813 $

Texas Stars

5 vs 5 Forward 
   Center                   Left Wing                Right Wing               Time % Phy DF OF 
 1 Alan Quine               Connor Brickley          Ryan Murphy              40     1   2  2  
 2 Luke Johnson             Colin Blackwell          Josh Currie              30     1   2  2  
 3 Glenn Gawdin             Laurent Dauphin          Phil Varone              20     1   2  2  
 4 Ryan Murphy              Michael Dal Colle        Tobias Lindberg          10     1   2  2  

5 vs 5 Defense 
   Defense                  Defense                                           Time % Phy DF OF 
 1 Dion Phaneuf             Cal Foote                                         40     1   2  2  
 2 Francois Beauchemin      Cale Fleury                                       30     1   2  2  
 3 Brad Hunt                Luke Witkowski                                    20     1   2  2  
 4 Dion Phaneuf             Cal Foote                                         10     1   2  2  

PowerPlay Forward 
   Center                   Left Wing                Right Wing               Time % Phy DF OF 
 1 Alan Quine               Connor Brickley          Ryan Murphy              60     1   2  2  
 2 Luke Johnson             Colin Blackwell          Josh Currie              40     1   2  2  

PowerPlay Defense
   Defense                  Defense                                           Time % Phy DF OF 
 1 Dion Phaneuf             Cal Foote                                         60     1   2  2  
 2 Francois Beauchemin      Cale Fleury                                       40     1   2  2  

Penalty Kill 4 Players Forward 
   Center                   Wing                     Time % Phy DF OF 
 1 Alan Quine               Connor Brickley          60     1   2  2  
 2 Luke Johnson             Colin Blackwell          40     1   2  2  

Penalty Kill 4 Players Defense
   Defense                  Defense                  Time % Phy DF OF 
 1 Dion Phaneuf             Cal Foote                60     1   2  2  
 2 Francois Beauchemin      Ryan Murphy              40     1   2  2  

Penalty Kill - 3 Players Forward 
   Forward                                           Time % Phy DF OF 
 1 Alan Quine                                        60     1   2  2  
 2 Connor Brickley                                   40     1   2  2  

Penalty Kill - 3 Players Defense
   Defense                  Defense                  Time % Phy DF OF 
 1 Dion Phaneuf             Cal Foote                60     1   2  2  
 2 Francois Beauchemin      Ryan Murphy              40     1   2  2  

4 vs 4 Forward 
   Center                   Wing                     Time % Phy DF OF 
 1 Alan Quine               Connor Brickley          60     1   2  2  
 2 Luke Johnson             Colin Blackwell          40     1   2  2  

4 vs 4 Defense
   Defense                  Defense                  Time % Phy DF OF 
 1 Dion Phaneuf             Cal Foote                60     1   2  2  
 2 Francois Beauchemin      Ryan Murphy              40     1   2  2  

Last Minutes Offensive
   Center                   Left Wing                Right Wing               Defense                  Defense                  
   Alan Quine               Connor Brickley          Ryan Murphy              Dion Phaneuf             Cal Foote                

Last Minutes Defensive
   Center                   Left Wing                Right Wing               Defense                  Defense                  
   Alan Quine               Connor Brickley          Ryan Murphy              Dion Phaneuf             Cal Foote                

Goaltenders
Starting : Malcolm Subban           
Backup : Nick Schneider           

Extra Forwards
Normal : Spencer Smallman, Glenn Gawdin, Laurent Dauphin - PP : Spencer Smallman, Glenn Gawdin - PK : Laurent Dauphin
Extra Defensemen
Normal : Brad Hunt, Luke Witkowski, Cale Fleury - PP : Brad Hunt - PK : Luke Witkowski, Cale Fleury
Penalty Shots
Ryan Murphy, Alan Quine, Connor Brickley, Luke Johnson, Colin Blackwell

Scratches
Joshua Jacobs (Healthy), Danick Martel (Healthy), Joseph Cramarossa (Healthy), Alex Breton (Healthy), Ty Dellandrea (Healthy)
Dustin Tokarski (Healthy), Richard Bachman (Healthy), Martin Ouellette (Healthy)

Manitoba Moose

5 vs 5 Forward 
   Center                   Left Wing                Right Wing               Time % Phy DF OF 
 1 Gerald Mayhew            Denis Gurianov           Matt Hendricks           34     1   2  2  
 2 Jan Kovar                Matt Beleskey            Pierre Engvall           22     1   2  2  
 3 Shane Gersich            Tom Pyatt                Matt Lorito              22     1   2  2  
 4 Sean Malone              Luke Gazdic              Chris Thorburn           22     1   2  2  

5 vs 5 Defense 
   Defense                  Defense                                           Time % Phy DF OF 
 1 Matt Grzelcyk            Victor Mete                                       40     0   0  5  
 2 Guillaume Brisebois      Andreas Borgman                                   20     1   2  2  
 3 Urho Vaakanainen         David Warsofsky                                   20     1   2  2  
 4 Brian Lashoff            Matt Bartkowski                                   20     1   2  2  

PowerPlay Forward 
   Center                   Left Wing                Right Wing               Time % Phy DF OF 
 1 Gerald Mayhew            Denis Gurianov           Matt Hendricks           50     1   2  2  
 2 Jan Kovar                Matt Beleskey            Pierre Engvall           50     1   2  2  

PowerPlay Defense
   Defense                  Defense                                           Time % Phy DF OF 
 1 Urho Vaakanainen         David Warsofsky                                   50     1   2  2  
 2 Guillaume Brisebois      Andreas Borgman                                   50     1   2  2  

Penalty Kill 4 Players Forward 
   Center                   Wing                     Time % Phy DF OF 
 1 Chris Thorburn           Luke Gazdic              50     1   2  2  
 2 Tom Pyatt                Matt Lorito              50     1   2  2  

Penalty Kill 4 Players Defense
   Defense                  Defense                  Time % Phy DF OF 
 1 Matt Grzelcyk            Victor Mete              70     1   2  2  
 2 Brian Lashoff            Matt Bartkowski          30     1   2  2  

Penalty Kill - 3 Players Forward 
   Forward                                           Time % Phy DF OF 
 1 Shane Gersich                                     50     1   2  2  
 2 Sean Malone                                       50     1   2  2  

Penalty Kill - 3 Players Defense
   Defense                  Defense                  Time % Phy DF OF 
 1 Matt Grzelcyk            Victor Mete              70     1   2  2  
 2 Brian Lashoff            Matt Bartkowski          30     1   2  2  

4 vs 4 Forward 
   Center                   Wing                     Time % Phy DF OF 
 1 Gerald Mayhew            Tom Pyatt                50     1   2  2  
 2 Sean Malone              Chris Thorburn           50     1   2  2  

4 vs 4 Defense
   Defense                  Defense                  Time % Phy DF OF 
 1 Andreas Borgman          Matt Grzelcyk            50     1   2  2  
 2 Guillaume Brisebois      Victor Mete              50     1   2  2  

Last Minutes Offensive
   Center                   Left Wing                Right Wing               Defense                  Defense                  
   Gerald Mayhew            Shane Gersich            Denis Gurianov           Victor Mete              Matt Grzelcyk            

Last Minutes Defensive
   Center                   Left Wing                Right Wing               Defense                  Defense                  
   Chris Thorburn           Tom Pyatt                Denis Gurianov           Victor Mete              Matt Grzelcyk            

Goaltenders
Starting : Atte Tolvanen            
Backup : Evan Cormier             

Extra Forwards
Normal : Shane Gersich, Denis Gurianov, Gerald Mayhew - PP : Shane Gersich, Matt Lorito - PK : Shane Gersich
Extra Defensemen
Normal : Andreas Borgman, Brian Lashoff, Matt Bartkowski - PP : Matt Grzelcyk - PK : David Warsofsky, Urho Vaakanainen
Penalty Shots
Denis Gurianov, Shane Gersich, Gerald Mayhew, Matt Lorito, Pierre Engvall

Scratches
Jake Walman (Healthy), Thomas Schemitsch (Healthy), Zach Magwood (Healthy), Colin Greening (Healthy), Chase Pearson (Healthy)
Christopher Gibson (Healthy)

% Time on Ice - Texas Stars

Lines # - Real PCT - Wanted PCT - Time Play
Normal Forward
1 - 36% - 40% - 20:03
2 - 28% - 30% - 15:53
3 - 24% - 20% - 13:25
4 - 12% - 10% - 6:41
Normal Defense
1 - 36% - 40% - 20:14
2 - 36% - 30% - 19:59
3 - 22% - 20% - 12:23
4 - 6% - 10% - 3:26
PP Forward
1 - 53% - 60% - 2:06
2 - 47% - 40% - 1:52
PP Defense
1 - 67% - 60% - 2:40
2 - 33% - 40% - 1:18
PK Forward
1 - 0% - 60%
2 - 0% - 40%
PK Defense
1 - 0% - 60%
2 - 0% - 40%
PK3 Forward
1 - 0% - 60%
2 - 0% - 40%
PK3 Defense
1 - 0% - 60%
2 - 0% - 40%
44 Forward
1 - 0% - 60%
2 - 0% - 40%
44 Defense
1 - 0% - 60%
2 - 0% - 40%
Last Minute Offensive  - 0:00
Last Minute Defensive  - 0:00
Total
Forward - 60:00
Defense - 60:00

% Time on Ice - Manitoba Moose

Lines # - Real PCT - Wanted PCT - Time Play
Normal Forward
1 - 31% - 34% - 17:33
2 - 21% - 22% - 12:00
3 - 26% - 22% - 14:21
4 - 22% - 22% - 12:08
Normal Defense
1 - 40% - 40% - 22:29
2 - 19% - 20% - 10:40
3 - 19% - 20% - 10:42
4 - 22% - 20% - 12:11
PP Forward
1 - 0% - 50%
2 - 0% - 50%
PP Defense
1 - 0% - 50%
2 - 0% - 50%
PK Forward
1 - 51% - 50% - 2:02
2 - 49% - 50% - 1:56
PK Defense
1 - 73% - 70% - 2:54
2 - 27% - 30% - 1:04
PK3 Forward
1 - 0% - 50%
2 - 0% - 50%
PK3 Defense
1 - 0% - 70%
2 - 0% - 30%
44 Forward
1 - 0% - 50%
2 - 0% - 50%
44 Defense
1 - 0% - 50%
2 - 0% - 50%
Last Minute Offensive  - 0:00
Last Minute Defensive  - 0:00
Total
Forward - 60:00
Defense - 60:00

Play-by-Play

1st period


0:01 of 1st period - Alan Quine wins face-off versus Gerald Mayhew in neutral zone.
0:03 of 1st period - Off-side.
0:04 of 1st period - Gerald Mayhew wins face-off versus Alan Quine in neutral zone.
0:13 of 1st period - Snap shot by Denis Gurianov.
0:13 of 1st period - Shot Blocked by Dion Phaneuf.
1:55 of 1st period - Snap shot by Denis Gurianov.
1:55 of 1st period - Shot Blocked by Josh Currie.
1:57 of 1st period - Wrist shot by Denis Gurianov.
1:57 of 1st period - Stopped by Malcolm Subban with a rebound.
1:59 of 1st period - Wrist shot by Matt Hendricks.
1:59 of 1st period - Goal by Matt Hendricks - Texas Stars : 0 - Manitoba Moose : 1.
2:00 of 1st period - Alan Quine wins face-off versus Jan Kovar in neutral zone.
2:15 of 1st period - Wrist shot by Alan Quine.
2:15 of 1st period - Goal by Alan Quine - Texas Stars : 1 - Manitoba Moose : 1.
2:16 of 1st period - Glenn Gawdin wins face-off versus Matt Lorito in neutral zone.
2:30 of 1st period - Snap shot by Tom Pyatt.
2:30 of 1st period - Shot Misses the Net.
2:32 of 1st period - Slapshot by Matt Bartkowski.
2:32 of 1st period - Stopped by Malcolm Subban without a rebound.
2:33 of 1st period - Alan Quine wins face-off versus Gerald Mayhew in Texas Stars zone.
2:38 of 1st period - Snap shot by Alan Quine.
2:38 of 1st period - Stopped by Atte Tolvanen without a rebound.
2:39 of 1st period - Gerald Mayhew wins face-off versus Alan Quine in Manitoba Moose zone.
2:39 of 1st period - Gerald Mayhew is hit by Connor Brickley.
3:15 of 1st period - Wrist shot by Matt Lorito.
3:15 of 1st period - Shot Misses the Net.
3:17 of 1st period - Backhand shot by Victor Mete.
3:17 of 1st period - Shot Misses the Net.
4:35 of 1st period - Snap shot by Tom Pyatt.
4:35 of 1st period - Shot Blocked by Josh Currie.
5:01 of 1st period - Off-side.
5:02 of 1st period - Ryan Murphy wins face-off versus Gerald Mayhew in neutral zone.
5:35 of 1st period - Snap shot by Colin Blackwell.
5:35 of 1st period - Stopped by Atte Tolvanen with a rebound.
5:37 of 1st period - Slapshot by Colin Blackwell.
5:37 of 1st period - Shot Misses the Net.
5:58 of 1st period - Shane Gersich is hit by Brad Hunt and loses puck.
6:53 of 1st period - Francois Beauchemin is hit by Jan Kovar and loses puck.
7:12 of 1st period - Wrist shot by Laurent Dauphin.
7:12 of 1st period - Shot Misses the Net.
7:22 of 1st period - Snap shot by Denis Gurianov.
7:22 of 1st period - Goal by Denis Gurianov - Texas Stars : 1 - Manitoba Moose : 2.
7:23 of 1st period - Matt Hendricks wins face-off versus Alan Quine in neutral zone.
7:26 of 1st period - Snap shot by Denis Gurianov.
7:26 of 1st period - Stopped by Malcolm Subban with a rebound.
7:29 of 1st period - Icing by Ryan Murphy.
7:30 of 1st period - Gerald Mayhew wins face-off versus Ryan Murphy in Texas Stars zone.
7:33 of 1st period - Snap shot by Matt Hendricks.
7:33 of 1st period - Stopped by Malcolm Subban with a rebound.
7:43 of 1st period - Alan Quine is hit by Gerald Mayhew and loses puck.
8:00 of 1st period - Slapshot by Phil Varone.
8:00 of 1st period - Shot Misses the Net.
8:02 of 1st period - Slapshot by Glenn Gawdin.
8:02 of 1st period - Stopped by Atte Tolvanen with a rebound.
8:10 of 1st period - Denis Gurianov is hit by Laurent Dauphin and loses puck.
9:28 of 1st period - Matt Beleskey is hit by Phil Varone and loses puck.
9:50 of 1st period - Matt Lorito is hit by Luke Johnson and loses puck.
10:01 of 1st period - Sean Malone is hit by Ryan Murphy and loses puck.
10:20 of 1st period - Snap shot by Jan Kovar.
10:20 of 1st period - Shot Hit the Post.
10:22 of 1st period - Snap shot by Pierre Engvall.
10:22 of 1st period - Stopped by Malcolm Subban with a rebound.
10:32 of 1st period - Colin Blackwell is hit by Shane Gersich and loses puck.
11:40 of 1st period - Victor Mete is hit by Alan Quine and loses puck.
12:55 of 1st period - Snap shot by Phil Varone.
12:55 of 1st period - Shot Blocked by Andreas Borgman.
13:01 of 1st period - Laurent Dauphin is hit by Shane Gersich.
13:11 of 1st period - Tom Pyatt is hit by Francois Beauchemin and loses puck.
13:22 of 1st period - Snap shot by Michael Dal Colle.
13:22 of 1st period - Shot Misses the Net.
13:37 of 1st period - Snap shot by Jan Kovar.
13:37 of 1st period - Stopped by Malcolm Subban with a rebound.
13:53 of 1st period - Snap shot by Phil Varone.
13:53 of 1st period - Stopped by Atte Tolvanen with a rebound.
13:55 of 1st period - Slapshot by Laurent Dauphin.
13:55 of 1st period - Shot Blocked by Victor Mete.
14:05 of 1st period - Snap shot by Josh Currie.
14:05 of 1st period - Stopped by Atte Tolvanen with a rebound.
14:21 of 1st period - Pierre Engvall is hit by Connor Brickley and loses puck.
14:32 of 1st period - Pierre Engvall is hit by Luke Johnson and loses puck.
14:43 of 1st period - Matt Beleskey is hit by Luke Witkowski and loses puck.
15:02 of 1st period - Wrist shot by Denis Gurianov.
15:02 of 1st period - Stopped by Malcolm Subban with a rebound.
15:04 of 1st period - Slapshot by Matt Hendricks.
15:04 of 1st period - Stopped by Malcolm Subban with a rebound.
16:24 of 1st period - Snap shot by Laurent Dauphin.
16:24 of 1st period - Stopped by Atte Tolvanen without a rebound.
16:25 of 1st period - Glenn Gawdin wins face-off versus Gerald Mayhew in Manitoba Moose zone.
16:26 of 1st period - Backhand shot by Laurent Dauphin.
16:26 of 1st period - Stopped by Atte Tolvanen without a rebound.
16:27 of 1st period - Gerald Mayhew wins face-off versus Glenn Gawdin in Manitoba Moose zone.
16:40 of 1st period - Snap shot by Phil Varone.
16:40 of 1st period - Goal by Phil Varone - Texas Stars : 2 - Manitoba Moose : 2.
16:41 of 1st period - Gerald Mayhew wins face-off versus Alan Quine in neutral zone.
17:29 of 1st period - Phil Varone is hit by Matt Bartkowski and loses puck.
17:50 of 1st period - Wrist shot by Denis Gurianov.
17:50 of 1st period - Stopped by Malcolm Subban with a rebound.
17:52 of 1st period - Slapshot by Matt Hendricks.
17:52 of 1st period - Shot Misses the Net.
17:54 of 1st period - Slapshot by Matt Hendricks.
17:54 of 1st period - Goal by Matt Hendricks - Texas Stars : 2 - Manitoba Moose : 3.
17:55 of 1st period - Gerald Mayhew wins face-off versus Alan Quine in neutral zone.
18:32 of 1st period - Snap shot by Luke Gazdic.
18:32 of 1st period - Stopped by Malcolm Subban with a rebound.
18:44 of 1st period - Laurent Dauphin is hit by Urho Vaakanainen and loses puck.
18:51 of 1st period - Wrist shot by Glenn Gawdin.
18:51 of 1st period - Shot Misses the Net.
19:15 of 1st period - Wrist shot by Tom Pyatt.
19:15 of 1st period - Shot Blocked by Francois Beauchemin.
19:29 of 1st period - Slapshot by Luke Johnson.
19:29 of 1st period - Stopped by Atte Tolvanen with a rebound.
19:31 of 1st period - Slapshot by Cale Fleury.
19:31 of 1st period - Stopped by Atte Tolvanen with a rebound.
19:33 of 1st period - Slapshot by Colin Blackwell.
19:33 of 1st period - Stopped by Atte Tolvanen with a rebound.
19:43 of 1st period - Phil Varone is hit by Matt Grzelcyk and loses puck.
Goals for this period are 2 for Texas Stars vs 3 for Manitoba Moose.
Shots for this period are 12 for Texas Stars vs 13 for Manitoba Moose.

2nd period


0:01 of 2nd period - Matt Hendricks wins face-off versus Alan Quine in neutral zone.
0:33 of 2nd period - Slapshot by Josh Currie.
0:33 of 2nd period - Shot Misses the Net.
0:35 of 2nd period - Wrist shot by Luke Johnson.
0:35 of 2nd period - Stopped by Atte Tolvanen with a rebound.
0:37 of 2nd period - Slapshot by Dion Phaneuf.
0:37 of 2nd period - Deflect By Victor Mete.
0:37 of 2nd period - Stopped by Atte Tolvanen without a rebound.
0:38 of 2nd period - Glenn Gawdin wins face-off versus Jan Kovar in Manitoba Moose zone.
0:43 of 2nd period - Snap shot by Glenn Gawdin.
0:43 of 2nd period - Stopped by Atte Tolvanen with a rebound.
1:17 of 2nd period - Snap shot by Ryan Murphy.
1:17 of 2nd period - Stopped by Atte Tolvanen without a rebound.
1:18 of 2nd period - Sean Malone wins face-off versus Alan Quine in Manitoba Moose zone.
1:18 of 2nd period - Sean Malone is hit by Connor Brickley.
1:27 of 2nd period - Matt Grzelcyk is hit by Alan Quine and loses puck.
1:30 of 2nd period - Slapshot by Victor Mete.
1:30 of 2nd period - Stopped by Malcolm Subban without a rebound.
1:31 of 2nd period - Denis Gurianov wins face-off versus Ryan Murphy in Texas Stars zone.
1:32 of 2nd period - Wrist shot by Matt Hendricks.
1:32 of 2nd period - Stopped by Malcolm Subban without a rebound.
1:33 of 2nd period - Gerald Mayhew wins face-off versus Alan Quine in Texas Stars zone.
1:42 of 2nd period - Slapshot by Matt Hendricks.
1:42 of 2nd period - Shot Blocked by Cal Foote.
1:48 of 2nd period - Wrist shot by Denis Gurianov.
1:48 of 2nd period - Shot Blocked by Ryan Murphy.
2:06 of 2nd period - Snap shot by Colin Blackwell.
2:06 of 2nd period - Stopped by Atte Tolvanen without a rebound.
2:07 of 2nd period - Luke Johnson wins face-off versus Sean Malone in Manitoba Moose zone.
2:12 of 2nd period - Snap shot by Luke Johnson.
2:12 of 2nd period - Shot Misses the Net.
2:34 of 2nd period - Matt Hendricks is hit by Ryan Murphy and loses puck.
3:02 of 2nd period - Snap shot by Glenn Gawdin.
3:02 of 2nd period - Stopped by Atte Tolvanen with a rebound.
3:14 of 2nd period - Wrist shot by Michael Dal Colle.
3:14 of 2nd period - Shot Misses the Net.
3:20 of 2nd period - Wrist shot by Michael Dal Colle.
3:20 of 2nd period - Shot Misses the Net.
3:40 of 2nd period - Snap shot by Colin Blackwell.
3:40 of 2nd period - Stopped by Atte Tolvanen without a rebound.
3:41 of 2nd period - Gerald Mayhew wins face-off versus Luke Johnson in Manitoba Moose zone.
3:46 of 2nd period - Snap shot by Gerald Mayhew.
3:46 of 2nd period - Shot Misses the Net.
3:52 of 2nd period - Snap shot by Denis Gurianov.
3:52 of 2nd period - Stopped by Malcolm Subban with a rebound.
3:54 of 2nd period - Snap shot by Gerald Mayhew.
3:54 of 2nd period - Shot Misses the Net.
3:56 of 2nd period - Snap shot by Denis Gurianov.
3:56 of 2nd period - Stopped by Malcolm Subban with a rebound.
4:06 of 2nd period - Dion Phaneuf is hit by Brian Lashoff and loses puck.
4:11 of 2nd period - Snap shot by Matt Lorito.
4:11 of 2nd period - Deflect By Tom Pyatt.
4:11 of 2nd period - Shot Misses the Net.
4:11 of 2nd period - Puck is out of play.
4:12 of 2nd period - Shane Gersich wins face-off versus Alan Quine in Texas Stars zone.
4:35 of 2nd period - Slapshot by Matt Lorito.
4:35 of 2nd period - Goal by Matt Lorito - Texas Stars : 2 - Manitoba Moose : 4.
4:35 of 2nd period - Nick Schneider enters game.
4:36 of 2nd period - Gerald Mayhew wins face-off versus Alan Quine in neutral zone.
5:01 of 2nd period - Jan Kovar is hit by Colin Blackwell and loses puck.
5:28 of 2nd period - Wrist shot by Glenn Gawdin.
5:28 of 2nd period - Stopped by Atte Tolvanen without a rebound.
5:29 of 2nd period - Glenn Gawdin wins face-off versus Sean Malone in Manitoba Moose zone.
5:30 of 2nd period - Wrist shot by Laurent Dauphin.
5:30 of 2nd period - Deflect By Phil Varone.
5:30 of 2nd period - Shot Misses the Net.
5:30 of 2nd period - Puck is out of play.
5:31 of 2nd period - Sean Malone wins face-off versus Glenn Gawdin in Manitoba Moose zone.
5:31 of 2nd period - Sean Malone is hit by Laurent Dauphin.
5:39 of 2nd period - Wrist shot by Phil Varone.
5:39 of 2nd period - Shot Misses the Net.
5:51 of 2nd period - Slapshot by Laurent Dauphin.
5:51 of 2nd period - Deflect By Phil Varone.
5:51 of 2nd period - Shot Misses the Net.
5:51 of 2nd period - Puck is out of play.
5:52 of 2nd period - Gerald Mayhew wins face-off versus Connor Brickley in Manitoba Moose zone.
5:54 of 2nd period - Matt Grzelcyk beats up Cal Foote.
5:54 of 2nd period - Penalty to Matt Grzelcyk for Fighting.
5:54 of 2nd period - Penalty to Cal Foote for Fighting.
5:55 of 2nd period - Alan Quine wins face-off versus Gerald Mayhew in Manitoba Moose zone.
7:04 of 2nd period - Snap shot by Matt Lorito.
7:04 of 2nd period - Stopped by Nick Schneider with a rebound.
7:06 of 2nd period - Snap shot by Shane Gersich.
7:06 of 2nd period - Stopped by Nick Schneider with a rebound.
7:19 of 2nd period - Tom Pyatt is hit by Dion Phaneuf and loses puck.
7:38 of 2nd period - Wrist shot by Alan Quine.
7:38 of 2nd period - Stopped by Atte Tolvanen with a rebound.
7:40 of 2nd period - Slapshot by Brad Hunt.
7:40 of 2nd period - Shot Blocked by Denis Gurianov.
8:25 of 2nd period - Minor Penalty to Gerald Mayhew for Interference.
8:26 of 2nd period - Alan Quine wins face-off versus Chris Thorburn in Manitoba Moose zone.
8:26 of 2nd period - Slapshot by Connor Brickley.
8:26 of 2nd period - Stopped by Atte Tolvanen with a rebound.
8:36 of 2nd period - Snap shot by Connor Brickley.
8:36 of 2nd period - Shot Blocked by Victor Mete.
10:23 of 2nd period - Brad Hunt is hit by Andreas Borgman.
10:25 of 2nd period - Penalty to Gerald Mayhew is over, Gerald Mayhew is back on ice.
10:38 of 2nd period - Brian Lashoff is hit by Phil Varone and loses puck.
10:58 of 2nd period - Snap shot by Denis Gurianov.
10:58 of 2nd period - Stopped by Nick Schneider with a rebound.
11:32 of 2nd period - Ryan Murphy is hit by Sean Malone and loses puck.
11:49 of 2nd period - Slapshot by Matt Lorito.
11:49 of 2nd period - Shot Misses the Net.
11:55 of 2nd period - Tom Pyatt is hit by Josh Currie and loses puck.
12:29 of 2nd period - Snap shot by Tobias Lindberg.
12:29 of 2nd period - Stopped by Atte Tolvanen with a rebound.
12:31 of 2nd period - Wrist shot by Brad Hunt.
12:31 of 2nd period - Texas Stars goal is going for a video replay.
12:31 of 2nd period - The goal is refused. The referee deems the play has been stopped, even if he had not physically had the opportunity to stop play by blowing his whistle..
12:32 of 2nd period - Ryan Murphy wins face-off versus Gerald Mayhew in Manitoba Moose zone.
13:18 of 2nd period - Snap shot by Phil Varone.
13:18 of 2nd period - Shot Misses the Net.
13:30 of 2nd period - Cale Fleury is hit by Matt Lorito.
13:40 of 2nd period - Luke Johnson is hit by Luke Gazdic and loses puck.
14:38 of 2nd period - Sean Malone is hit by Francois Beauchemin and loses puck.
14:51 of 2nd period - Slapshot by Pierre Engvall.
14:51 of 2nd period - Shot Misses the Net.
15:03 of 2nd period - Snap shot by Colin Blackwell.
15:03 of 2nd period - Stopped by Atte Tolvanen without a rebound.
15:04 of 2nd period - Sean Malone wins face-off versus Luke Johnson in Manitoba Moose zone.
15:38 of 2nd period - Snap shot by Matt Hendricks.
15:38 of 2nd period - Stopped by Nick Schneider with a rebound.
15:40 of 2nd period - Snap shot by Denis Gurianov.
15:40 of 2nd period - Deflect By Gerald Mayhew.
15:40 of 2nd period - Stopped by Nick Schneider without a rebound.
15:41 of 2nd period - Glenn Gawdin wins face-off versus Shane Gersich in Texas Stars zone.
15:50 of 2nd period - Slapshot by Dion Phaneuf.
15:50 of 2nd period - Shot Blocked by Victor Mete.
15:52 of 2nd period - Slapshot by Cal Foote.
15:52 of 2nd period - Shot Misses the Net.
15:54 of 2nd period - Wrist shot by Laurent Dauphin.
15:54 of 2nd period - Stopped by Atte Tolvanen with a rebound.
15:56 of 2nd period - Slapshot by Dion Phaneuf.
15:56 of 2nd period - Stopped by Atte Tolvanen with a rebound.
16:33 of 2nd period - Slapshot by Matt Beleskey.
16:33 of 2nd period - Stopped by Nick Schneider without a rebound.
16:34 of 2nd period - Ryan Murphy wins face-off versus Jan Kovar in Texas Stars zone.
16:43 of 2nd period - Slapshot by Brad Hunt.
16:43 of 2nd period - Shot Blocked by Pierre Engvall.
16:45 of 2nd period - Wrist shot by Alan Quine.
16:45 of 2nd period - Stopped by Atte Tolvanen without a rebound.
16:46 of 2nd period - Gerald Mayhew wins face-off versus Alan Quine in Manitoba Moose zone.
16:46 of 2nd period - Gerald Mayhew is hit by Luke Witkowski.
17:26 of 2nd period - Brad Hunt is hit by Matt Grzelcyk and loses puck.
17:43 of 2nd period - Slapshot by Victor Mete.
17:43 of 2nd period - Shot Blocked by Cal Foote.
17:45 of 2nd period - Slapshot by Sean Malone.
17:45 of 2nd period - Stopped by Nick Schneider with a rebound.
17:47 of 2nd period - Slapshot by Matt Grzelcyk.
17:47 of 2nd period - Stopped by Nick Schneider without a rebound.
17:48 of 2nd period - Gerald Mayhew wins face-off versus Alan Quine in Texas Stars zone.
18:21 of 2nd period - Slapshot by Sean Malone.
18:21 of 2nd period - Deflect By Luke Gazdic.
18:21 of 2nd period - Shot Misses the Net.
18:21 of 2nd period - Puck is out of play.
18:22 of 2nd period - Luke Johnson wins face-off versus Shane Gersich in Texas Stars zone.
18:49 of 2nd period - Denis Gurianov is hit by Connor Brickley.
19:12 of 2nd period - Snap shot by Ryan Murphy.
19:12 of 2nd period - Shot Blocked by Victor Mete.
19:14 of 2nd period - Slapshot by Ryan Murphy.
19:14 of 2nd period - Stopped by Atte Tolvanen with a rebound.
19:16 of 2nd period - Slapshot by Francois Beauchemin.
19:16 of 2nd period - Deflect By Ryan Murphy.
19:16 of 2nd period - Stopped by Atte Tolvanen with a rebound.
19:51 of 2nd period - Wrist shot by Ryan Murphy.
19:51 of 2nd period - Deflect By Connor Brickley.
19:51 of 2nd period - Shot Misses the Net.
19:51 of 2nd period - Puck is out of play.
19:52 of 2nd period - Sean Malone wins face-off versus Luke Johnson in Manitoba Moose zone.
19:52 of 2nd period - Sean Malone is hit by Josh Currie.
Goals for this period are 0 for Texas Stars vs 1 for Manitoba Moose.
Shots for this period are 18 for Texas Stars vs 13 for Manitoba Moose.

3rd period


0:01 of 3rd period - Matt Beleskey wins face-off versus Alan Quine in neutral zone.
0:04 of 3rd period - Alan Quine is hit by Jan Kovar and loses puck.
0:11 of 3rd period - Wrist shot by Matt Beleskey.
0:11 of 3rd period - Stopped by Nick Schneider without a rebound.
0:12 of 3rd period - Gerald Mayhew wins face-off versus Alan Quine in Texas Stars zone.
0:12 of 3rd period - Dion Phaneuf beats up Matt Hendricks.
0:12 of 3rd period - Penalty to Matt Hendricks for Fighting.
0:12 of 3rd period - Penalty to Dion Phaneuf for Fighting.
0:13 of 3rd period - Gerald Mayhew wins face-off versus Alan Quine in Texas Stars zone.
0:14 of 3rd period - Wrist shot by Denis Gurianov.
0:14 of 3rd period - Shot Misses the Net.
0:45 of 3rd period - Slapshot by Josh Currie.
0:45 of 3rd period - Stopped by Atte Tolvanen without a rebound.
0:46 of 3rd period - Sean Malone wins face-off versus Luke Johnson in Manitoba Moose zone.
1:12 of 3rd period - Laurent Dauphin is hit by Andreas Borgman and loses puck.
2:07 of 3rd period - Snap shot by Jan Kovar.
2:07 of 3rd period - Stopped by Nick Schneider without a rebound.
2:08 of 3rd period - Matt Beleskey wins face-off versus Ryan Murphy in Texas Stars zone.
2:37 of 3rd period - Snap shot by Matt Beleskey.
2:37 of 3rd period - Deflect By Shane Gersich.
2:37 of 3rd period - Stopped by Nick Schneider without a rebound.
2:38 of 3rd period - Shane Gersich wins face-off versus Luke Johnson in Texas Stars zone.
2:47 of 3rd period - Slapshot by Matt Lorito.
2:47 of 3rd period - Shot Blocked by Brad Hunt.
2:57 of 3rd period - Snap shot by Shane Gersich.
2:57 of 3rd period - Stopped by Nick Schneider with a rebound.
3:03 of 3rd period - Matt Lorito is hit by Connor Brickley.
3:43 of 3rd period - Jan Kovar is hit by Josh Currie and loses puck.
3:50 of 3rd period - Snap shot by Luke Johnson.
3:50 of 3rd period - Stopped by Atte Tolvanen without a rebound.
3:51 of 3rd period - Gerald Mayhew wins face-off versus Alan Quine in Manitoba Moose zone.
4:06 of 3rd period - Backhand shot by Connor Brickley.
4:06 of 3rd period - Deflect By Alan Quine.
4:06 of 3rd period - Stopped by Atte Tolvanen without a rebound.
4:07 of 3rd period - Luke Johnson wins face-off versus Sean Malone in Manitoba Moose zone.
4:20 of 3rd period - Slapshot by Colin Blackwell.
4:20 of 3rd period - Shot Hit the Post.
4:22 of 3rd period - Slapshot by Cale Fleury.
4:22 of 3rd period - Stopped by Atte Tolvanen with a rebound.
4:54 of 3rd period - Slapshot by Glenn Gawdin.
4:54 of 3rd period - Shot Blocked by David Warsofsky.
4:56 of 3rd period - Snap shot by Laurent Dauphin.
4:56 of 3rd period - Stopped by Atte Tolvanen with a rebound.
4:58 of 3rd period - Wrist shot by Phil Varone.
4:58 of 3rd period - Goal by Phil Varone - Texas Stars : 3 - Manitoba Moose : 4.
4:59 of 3rd period - Chris Thorburn wins face-off versus Alan Quine in neutral zone.
5:08 of 3rd period - Slapshot by Luke Gazdic.
5:08 of 3rd period - Deflect By Sean Malone.
5:08 of 3rd period - Shot Misses the Net.
5:08 of 3rd period - Puck is out of play.
5:09 of 3rd period - Alan Quine wins face-off versus Luke Gazdic in Texas Stars zone.
5:31 of 3rd period - Snap shot by Chris Thorburn.
5:31 of 3rd period - Stopped by Nick Schneider with a rebound.
5:33 of 3rd period - Snap shot by Matt Grzelcyk.
5:33 of 3rd period - Shot Misses the Net.
5:35 of 3rd period - Snap shot by Chris Thorburn.
5:35 of 3rd period - Shot Blocked by Brad Hunt.
6:27 of 3rd period - Wrist shot by Alan Quine.
6:27 of 3rd period - Stopped by Atte Tolvanen with a rebound.
6:45 of 3rd period - Slapshot by Victor Mete.
6:45 of 3rd period - Deflect By Chris Thorburn.
6:45 of 3rd period - Stopped by Nick Schneider with a rebound.
6:47 of 3rd period - Wrist shot by Chris Thorburn.
6:47 of 3rd period - Shot Misses the Net.
6:49 of 3rd period - Slapshot by Victor Mete.
6:49 of 3rd period - Shot Misses the Net.
6:51 of 3rd period - Snap shot by Chris Thorburn.
6:51 of 3rd period - Shot Hit the Post.
6:53 of 3rd period - Slapshot by Victor Mete.
6:53 of 3rd period - Deflect By Sean Malone.
6:53 of 3rd period - Stopped by Nick Schneider without a rebound.
6:54 of 3rd period - Gerald Mayhew wins face-off versus Luke Johnson in Texas Stars zone.
6:57 of 3rd period - Slapshot by Denis Gurianov.
6:57 of 3rd period - Shot Blocked by Cale Fleury.
7:19 of 3rd period - Matt Hendricks is hit by Phil Varone.
7:23 of 3rd period - Guillaume Brisebois is hit by Francois Beauchemin and loses puck.
7:37 of 3rd period - Off-side.
7:38 of 3rd period - Shane Gersich wins face-off versus Luke Johnson in neutral zone.
9:12 of 3rd period - Icing by Laurent Dauphin.
9:13 of 3rd period - Gerald Mayhew wins face-off versus Glenn Gawdin in Texas Stars zone.
9:36 of 3rd period - Luke Witkowski is hit by Matt Grzelcyk and loses puck.
10:22 of 3rd period - Icing by Francois Beauchemin.
10:23 of 3rd period - Gerald Mayhew wins face-off versus Ryan Murphy in Texas Stars zone.
10:46 of 3rd period - Snap shot by Shane Gersich.
10:46 of 3rd period - Stopped by Nick Schneider without a rebound.
10:47 of 3rd period - Shane Gersich wins face-off versus Luke Johnson in Texas Stars zone.
10:54 of 3rd period - Snap shot by Matt Lorito.
10:54 of 3rd period - Stopped by Nick Schneider with a rebound.
11:00 of 3rd period - Snap shot by Josh Currie.
11:00 of 3rd period - Shot Misses the Net.
11:02 of 3rd period - Wrist shot by Colin Blackwell.
11:02 of 3rd period - Stopped by Atte Tolvanen with a rebound.
11:12 of 3rd period - David Warsofsky is hit by Phil Varone and loses puck.
11:37 of 3rd period - Wrist shot by Matt Lorito.
11:37 of 3rd period - Deflect By Phil Varone.
11:37 of 3rd period - Stopped by Nick Schneider without a rebound.
11:38 of 3rd period - Gerald Mayhew wins face-off versus Alan Quine in Texas Stars zone.
11:49 of 3rd period - Snap shot by Matt Hendricks.
11:49 of 3rd period - Stopped by Nick Schneider without a rebound.
11:50 of 3rd period - Gerald Mayhew wins face-off versus Alan Quine in Texas Stars zone.
11:57 of 3rd period - Slapshot by Connor Brickley.
11:57 of 3rd period - Deflect By Alan Quine.
11:57 of 3rd period - Goal by Alan Quine - Texas Stars : 4 - Manitoba Moose : 4.
11:58 of 3rd period - Gerald Mayhew wins face-off versus Alan Quine in neutral zone.
12:20 of 3rd period - Minor Penalty to Matt Hendricks for Hooking.
12:21 of 3rd period - Alan Quine wins face-off versus Chris Thorburn in Manitoba Moose zone.
13:56 of 3rd period - Luke Johnson is hit by Chris Thorburn and loses puck.
14:20 of 3rd period - Penalty to Matt Hendricks is over, Matt Hendricks is back on ice.
14:21 of 3rd period - Dion Phaneuf is hit by Matt Hendricks.
15:16 of 3rd period - Icing by Luke Johnson.
15:17 of 3rd period - Colin Blackwell wins face-off versus Jan Kovar in Texas Stars zone.
15:17 of 3rd period - Colin Blackwell is hit by Jan Kovar.
15:29 of 3rd period - Wrist shot by Sean Malone.
15:29 of 3rd period - Stopped by Nick Schneider with a rebound.
15:31 of 3rd period - Snap shot by Chris Thorburn.
15:31 of 3rd period - Shot Blocked by Phil Varone.
15:33 of 3rd period - Slapshot by David Warsofsky.
15:33 of 3rd period - Deflect By Brad Hunt.
15:33 of 3rd period - Goal by David Warsofsky - Texas Stars : 4 - Manitoba Moose : 5.
15:34 of 3rd period - Alan Quine wins face-off versus Shane Gersich in neutral zone.
15:37 of 3rd period - Snap shot by Connor Brickley.
15:37 of 3rd period - Shot Blocked by Matt Grzelcyk.
15:39 of 3rd period - Wrist shot by Connor Brickley.
15:39 of 3rd period - Deflect By Alan Quine.
15:39 of 3rd period - Stopped by Atte Tolvanen without a rebound.
15:40 of 3rd period - Shane Gersich wins face-off versus Alan Quine in Manitoba Moose zone.
15:55 of 3rd period - Matt Grzelcyk is hit by Ryan Murphy and loses puck.
16:52 of 3rd period - Slapshot by Alan Quine.
16:52 of 3rd period - Stopped by Atte Tolvanen with a rebound.
16:54 of 3rd period - Wrist shot by Ryan Murphy.
16:54 of 3rd period - Shot Misses the Net.
17:19 of 3rd period - Jan Kovar is hit by Cale Fleury and loses puck.
17:34 of 3rd period - Snap shot by Jan Kovar.
17:34 of 3rd period - Stopped by Nick Schneider without a rebound.
17:35 of 3rd period - Luke Johnson wins face-off versus Sean Malone in Texas Stars zone.
17:35 of 3rd period - Luke Johnson is hit by Matt Bartkowski.
17:49 of 3rd period - Wrist shot by Chris Thorburn.
17:49 of 3rd period - Stopped by Nick Schneider without a rebound.
17:50 of 3rd period - Tom Pyatt wins face-off versus Ryan Murphy in Texas Stars zone.
18:06 of 3rd period - Snap shot by Ryan Murphy.
18:06 of 3rd period - Shot Misses the Net.
18:08 of 3rd period - Slapshot by Ryan Murphy.
18:08 of 3rd period - Shot Blocked by Shane Gersich.
18:38 of 3rd period - Wrist shot by Tom Pyatt.
18:38 of 3rd period - Stopped by Nick Schneider with a rebound.
19:03 of 3rd period - Texas Stars, Nick Schneider is pulled from the net.
19:35 of 3rd period - Matt Bartkowski is hit by Francois Beauchemin and loses puck.
Goals for this period are 2 for Texas Stars vs 1 for Manitoba Moose.
Shots for this period are 11 for Texas Stars vs 16 for Manitoba Moose. Output by the SimonT Hockey Simulator (STHS) for Eric Tremblay - Original Page W3C HTML5 Valid
Hockey Simulator - Hockey Simulation - Hockey Manager